3L
BUCKHEAD BOWTIES @ SEATTLE ROCKETEERS
04/19/2038
 
TOP OF THE 1ST
Buckhead Bowties batting - Pitching for Seattle Rocketeers : RHP Santo Velazco
Pitching: RHP Santo Velazco
Batting: SHB Nuygen Vuong 0-0: Ball
1-0: Swinging Strike
1-1: Foul Ball, location: 2F
1-2: Ball
2-2: Ball
3-2: Fly out, F9 (Line Drive, 9, EV 90.6 MPH)
Batting: LHB Shunso Kiyomizu 0-0: Ball
1-0: Ball
2-0: Fly out, F9 (Flyball, 89M, EV 91.2 MPH)
Batting: LHB Marcus Shill 0-0: Foul Ball, location: 2F
0-1: Ball
1-1: Ball
2-1: Ground out 4-3 (Groundball, 4, EV 79.4 MPH)
Top of the 1st over - 0 runs, 0 hits, 0 errors, 0 left on base; Buckhead 0 - Seattle 0
BOTTOM OF THE 1ST
Seattle Rocketeers batting - Pitching for Buckhead Bowties : LHP Jong-yong Ha
Pitching: LHP Jong-yong Ha
Batting: RHB José Jarca 0-0: Foul Ball, location: 2F
0-1: Swinging Strike
0-2: Ball
1-2: Foul Ball, location: 2F
1-2: Ball
2-2: Ground out 5-3 (Groundball, 56S, EV 85.6 MPH)
Batting: RHB Lester Kwiatkowski 0-0: SINGLE (Groundball, 6MD, EV 108.8 MPH)
Batting: RHB Meester Gobbles-Rooster 0-0: Ball
1-0: Ball
2-0: Called Strike
2-1: Grounds into double play, 5-4-3 (Groundball, 56, EV 82.5 MPH)
Bottom of the 1st over - 0 runs, 1 hit, 0 errors, 0 left on base; Buckhead 0 - Seattle 0
TOP OF THE 2ND
Buckhead Bowties batting - Pitching for Seattle Rocketeers : RHP Santo Velazco
Batting: LHB Jesús Encarnación 0-0: Called Strike
0-1: Foul Ball, location: 2F
0-2: Ground out 4-3 (Groundball, 4, EV 111.2 MPH)
Batting: RHB Emílio Agramónte 0-0: Ball
1-0: Fly out, F3 (Popup, 3SF, EV 73.8 MPH)
Batting: RHB Barsati Saraf 0-0: Ball
1-0: Ball
2-0: Foul Ball, location: 2F
2-1: Called Strike
2-2: SINGLE (Line Drive, 89S, EV 90.0 MPH)
Batting: LHB Badry Maksimenov 0-0: SINGLE (Groundball, 4MD, EV 98.1 MPH)
Barsati Saraf to second
Runner from 2nd tries for 3rd, SAFE, throw by CF made to third
Batting: SHB Henrique de Senna Fernandes 0-0: Called Strike
0-1: Swinging Strike
0-2: Strikes out looking
Top of the 2nd over - 0 runs, 2 hits, 0 errors, 2 left on base; Buckhead 0 - Seattle 0
BOTTOM OF THE 2ND
Seattle Rocketeers batting - Pitching for Buckhead Bowties : LHP Jong-yong Ha
Batting: RHB Claudio Tappen 0-0: Swinging Strike
0-1: Ball
1-1: Foul Ball, location: 2F
1-2: Foul Ball, location: 2F
1-2: Ball
2-2: Foul Ball, location: 2F
2-2: Foul Ball, location: 2F
2-2: SINGLE (Line Drive, 4D, EV 108.1 MPH)
Batting: RHB Alain Grosjean 0-0: Called Strike
0-1: Ball
1-1: SINGLE (Groundball, 56D, EV 98.8 MPH)
Claudio Tappen to second
Batting: RHB Bogumil Tiwontschik 0-0: Ball
1-0: Grounds into double play, 6-4-3 (Groundball, 6, EV 103.8 MPH)
Claudio Tappen to third
Batting: RHB Andrés López 0-0: Ball
1-0: Ball
2-0: Foul Ball, location: 2F
2-1: Ground out U3 (Groundball, 3S, EV 77.5 MPH)
Bottom of the 2nd over - 0 runs, 2 hits, 0 errors, 1 left on base; Buckhead 0 - Seattle 0
TOP OF THE 3RD
Buckhead Bowties batting - Pitching for Seattle Rocketeers : RHP Santo Velazco
Batting: RHB Henry Lambright 0-0: Foul Ball, location: 2F
0-1: Ball
1-1: Ball
2-1: Ball
3-1: Base on Balls
Batting: SHB Nuygen Vuong 0-0: Swinging Strike
0-1: Ball
1-1: Swinging Strike
1-2: Ball
2-2: Foul Ball, location: 2F
2-2: Ball
3-2: Base on Balls
Henry Lambright to second
Batting: LHB Shunso Kiyomizu 0-0: Ball
1-0: Foul Ball, location: 2F
1-1: Ball
2-1: Called Strike
2-2: SINGLE (Line Drive, 7LS, EV 94.4 MPH)
Henry Lambright to third
Nuygen Vuong to second
Batting: LHB Marcus Shill 0-0: Ball
1-0: Swinging Strike
1-1: Foul Ball, location: 2F
1-2: Fly out, F8 (Line Drive, 8LM, EV 93.8 MPH)
Batting: LHB Jesús Encarnación 0-0: Ball
1-0: Ball
2-0: Called Strike
2-1: Fly out, F7 (Flyball, 7LS, EV 93.1 MPH)
Batting: RHB Emílio Agramónte 0-0: Ball
1-0: Foul Ball, location: 2F
1-1: SINGLE (Flyball, 8LS, EV 83.8 MPH)
Henry Lambright scores
Nuygen Vuong to third
Shunso Kiyomizu to second
Runner from 3rd tries for Home, SAFE, no throw by LF
Batting: RHB Barsati Saraf 0-0: Ball
1-0: Ball
2-0: Fly out, F9 (Flyball, 9S, EV 78.8 MPH)
Top of the 3rd over - 2 runs, 2 hits, 0 errors, 2 left on base; Buckhead 2 - Seattle 0
BOTTOM OF THE 3RD
Seattle Rocketeers batting - Pitching for Buckhead Bowties : LHP Jong-yong Ha
Batting: RHB Arturo Rodríguez 0-0: Called Strike
0-1: Ball
1-1: Foul Ball, location: 2F
1-2: Foul Ball, location: 2F
1-2: Strikes out looking
Batting: RHB Carl Herbert 0-0: Ball
1-0: Called Strike
1-1: Called Strike
1-2: Ball
2-2: Ball
3-2: Strikes out swinging
Batting: RHB José Jarca 0-0: Ball
1-0: Ball
2-0: Ball
3-0: Base on Balls
Batting: RHB Lester Kwiatkowski 0-0: Ball
1-0: SINGLE (Groundball, 56D, EV 96.9 MPH)
José Jarca to second
Batting: RHB Meester Gobbles-Rooster 0-0: Called Strike
0-1: Ball
1-1: Ball
2-1: Fly out, F6 (Popup, 6, EV 49.4 MPH)
Bottom of the 3rd over - 0 runs, 1 hit, 0 errors, 2 left on base; Buckhead 2 - Seattle 0
TOP OF THE 4TH
Buckhead Bowties batting - Pitching for Seattle Rocketeers : RHP Santo Velazco
Batting: LHB Badry Maksimenov 0-0: Ground out 3-1 (Groundball, 34, EV 87.5 MPH)
Batting: SHB Henrique de Senna Fernandes 0-0: Ball
1-0: Foul Ball, location: 2F
1-1: Foul Ball, location: 2F
1-2: Ball
2-2: Foul Ball, location: 2F
2-2: Ball
3-2: Base on Balls
Batting: RHB Henry Lambright 0-0: Ball
1-0: Ball
2-0: Swinging Strike
2-1: Ball
3-1: Fly out, F8 (Flyball, 8RM, EV 90.0 MPH)
Batting: SHB Nuygen Vuong 0-0: Called Strike
0-1: Ball
1-1: Ball
2-1: Fly out, F5 (Popup, 5F, EV 71.9 MPH)
Top of the 4th over - 0 runs, 0 hits, 0 errors, 1 left on base; Buckhead 2 - Seattle 0
BOTTOM OF THE 4TH
Seattle Rocketeers batting - Pitching for Buckhead Bowties : LHP Jong-yong Ha
Batting: RHB Claudio Tappen 0-0: Ball
1-0: Fly out, F9 (Flyball, 9LMF, EV 85.6 MPH)
Batting: RHB Alain Grosjean 0-0: Ball
1-0: Ball
2-0: Ball
3-0: Called Strike
3-1: Called Strike
3-2: Base on Balls
Batting: RHB Bogumil Tiwontschik 0-0: Ball
1-0: Ball
2-0: Ball
3-0: Base on Balls
Alain Grosjean to second
Batting: RHB Andrés López 0-0: Called Strike
0-1: Ball
1-1: Ball
2-1: Ball
3-1: Base on Balls
Alain Grosjean to third
Bogumil Tiwontschik to second
Batting: RHB Arturo Rodríguez 0-0: Reached on error, E2 (Groundball, 15S, EV 65.6 MPH)
Alain Grosjean scores
Bogumil Tiwontschik to third
Andrés López to second
Batting: RHB Carl Herbert 0-0: Ball
1-0: Ball
2-0: Ball
3-0: Base on Balls
Bogumil Tiwontschik scores
Andrés López to third
Arturo Rodríguez to second
Batting: RHB José Jarca 0-0: Foul Ball, location: 2F
0-1: Ball
1-1: Ball
2-1: Swinging Strike
2-2: Ball
3-2: Foul Ball, location: 2F
3-2: Base on Balls
Andrés López scores
Arturo Rodríguez to third
Carl Herbert to second
Batting: RHB Lester Kwiatkowski 0-0: Ball
1-0: Swinging Strike
1-1: Ball
2-1: Called Strike
2-2: Foul Ball, location: 2F
2-2: Strikes out swinging
Pitching: RHP Gary Johnson
Batting: RHB Meester Gobbles-Rooster 0-0: Ball
1-0: Ball
Wild Pitch!
Arturo Rodríguez scores
Carl Herbert to third
José Jarca to second
2-0: Foul Ball, location: 2F
2-1: SINGLE (Flyball, 7LS, EV 96.9 MPH)
Carl Herbert scores
José Jarca to third
Runner from 3rd tries for Home, SAFE, no throw by LF
Batting: RHB Claudio Tappen 0-0: Ball
1-0: Called Strike
1-1: Fielders Choice at 2nd, 6-4 (Groundball, 56, EV 88.1 MPH)
Bottom of the 4th over - 6 runs, 1 hit, 1 error, 1 left on base; Buckhead 2 - Seattle 6
TOP OF THE 5TH
Buckhead Bowties batting - Pitching for Seattle Rocketeers : RHP Santo Velazco
Pitching: LHP Hao Wei
Batting: LHB Shunso Kiyomizu 0-0: Foul Ball, location: 2F
0-1: Ground out 2-3 (Groundball, 15S, EV 73.8 MPH)
Batting: LHB Marcus Shill 0-0: Called Strike
0-1: Swinging Strike
0-2: Foul Ball, location: 2F
0-2: Ball
1-2: Foul Ball, location: 2F
1-2: Ground out U3 (Groundball, 3, EV 105.0 MPH)
Batting: LHB Jesús Encarnación 0-0: Called Strike
0-1: Fly out, F7 (Flyball, 7, EV 91.9 MPH)
Top of the 5th over - 0 runs, 0 hits, 0 errors, 0 left on base; Buckhead 2 - Seattle 6
BOTTOM OF THE 5TH
Seattle Rocketeers batting - Pitching for Buckhead Bowties : RHP Gary Johnson
Batting: RHB Alain Grosjean 0-0: Ball
1-0: Ball
2-0: Called Strike
2-1: Fly out, F9 (Line Drive, 9, EV 96.9 MPH)
Batting: RHB Bogumil Tiwontschik 0-0: Foul Ball, location: 2F
0-1: Swinging Strike
0-2: Ball
1-2: Foul Ball, location: 2F
1-2: SINGLE (Line Drive, 4D, EV 103.8 MPH)
Batting: RHB Andrés López 0-0: Ball
Bogumil Tiwontschik is caught stealing 2nd base 2-4
1-0: Ball
2-0: Foul Ball, location: 2F
2-1: Foul Ball, location: 2F
2-2: Strikes out swinging
Bottom of the 5th over - 0 runs, 1 hit, 0 errors, 0 left on base; Buckhead 2 - Seattle 6
TOP OF THE 6TH
Buckhead Bowties batting - Pitching for Seattle Rocketeers : LHP Hao Wei
Batting: RHB Emílio Agramónte 0-0: Ball
1-0: Ball
2-0: Called Strike
2-1: Ball
3-1: Called Strike
3-2: Fly out, F3 (Flyball, 3DF, EV 95.0 MPH)
Batting: RHB Barsati Saraf 0-0: Ball
1-0: Ball
2-0: Foul Ball, location: 2F
2-1: Foul Ball, location: 2F
2-2: SINGLE (Flyball, 89S, EV 95.6 MPH)
Batting: LHB Badry Maksimenov 0-0: Called Strike
0-1: Foul Ball, location: 2F
0-2: Foul Ball, location: 2F
0-2: Foul Ball, location: 2F
0-2: Strikes out looking
Batting: SHB Henrique de Senna Fernandes 0-0: Ball
1-0: Swinging Strike
1-1: Ground out 4-3 (Groundball, 4, EV 80.0 MPH)
Top of the 6th over - 0 runs, 1 hit, 0 errors, 1 left on base; Buckhead 2 - Seattle 6
BOTTOM OF THE 6TH
Seattle Rocketeers batting - Pitching for Buckhead Bowties : RHP Gary Johnson
Batting: RHB Arturo Rodríguez 0-0: Ball
1-0: Foul Ball, location: 2F
1-1: Ball
2-1: Ball
3-1: Ground out 5-3 (Groundball, 5S, EV 91.2 MPH)
Batting: RHB Carl Herbert 0-0: Ball
1-0: Ball
2-0: Called Strike
2-1: Foul Ball, location: 2F
2-2: Ground out 6-3 (Groundball, 6D, EV 100.6 MPH)
Pinch Hitting: RHB Tomás Gonzáles 0-0: Called Strike
0-1: Ball
1-1: Ball
2-1: Ball
3-1: Base on Balls
Pinch Hitting: LHB Sandor Addicks 0-0: Ball
1-0: Fly out, F8 (Flyball, 89D, EV 86.9 MPH)
Bottom of the 6th over - 0 runs, 0 hits, 0 errors, 1 left on base; Buckhead 2 - Seattle 6
TOP OF THE 7TH
Buckhead Bowties batting - Pitching for Seattle Rocketeers : LHP Hao Wei
Now at 2B: Tomás Gonzáles
Now at SS: Sandor Addicks
Batting: RHB Henry Lambright 0-0: Called Strike
0-1: Ball
1-1: Ball
2-1: Ball
3-1: Base on Balls
Pitching: RHP Eduardo Flores
Pinch Hitting: RHB Pellervo Rintanen 0-0: Called Strike
0-1: Grounds into double play, 4-6-3 (Groundball, 4, EV 86.9 MPH)
Pinch Hitting: RHB Jeff Mouton 0-0: SINGLE (Flyball, 8RS, EV 91.9 MPH)
Pinch Hitting: LHB Jim Halpert 0-0: Called Strike
0-1: Fly out, F9 (Flyball, 89S, EV 90.6 MPH)
Top of the 7th over - 0 runs, 1 hit, 0 errors, 1 left on base; Buckhead 2 - Seattle 6
BOTTOM OF THE 7TH
Seattle Rocketeers batting - Pitching for Buckhead Bowties : RHP Gary Johnson
Now at 2B: Pellervo Rintanen
Now in LF: Jim Halpert
Now in RF: Jeff Mouton
Pinch Hitting: RHB José Ortega 0-0: Ball
1-0: Foul Ball, location: 2F
1-1: Foul Ball, location: 2F
1-2: Ball
2-2: Ball
3-2: Ground out 5-3 (Groundball, 56, EV 78.8 MPH)
Pinch Hitting: SHB Lodd Felton 0-0: Ball
1-0: Foul Ball, location: 2F
1-1: Swinging Strike
1-2: Strikes out swinging
Pitching: RHP Roy Bell
Pinch Hitting: LHB Thierry Honoré 0-0: Fly out, F4 (Popup, 4S, EV 76.2 MPH)
Bottom of the 7th over - 0 runs, 0 hits, 0 errors, 0 left on base; Buckhead 2 - Seattle 6
TOP OF THE 8TH
Buckhead Bowties batting - Pitching for Seattle Rocketeers : RHP Eduardo Flores
Now at 1B: José Ortega
Now in LF: Juan Gutiérrez
Now in RF: Lodd Felton
Batting: LHB Mike Gillespie 0-0: DOUBLE (Line Drive, 7LS, EV 94.4 MPH)
Pinch Hitting: LHB General Booty 0-0: Ball
1-0: Swinging Strike
1-1: Foul Ball, location: 2F
1-2: Foul Ball, location: 2F
1-2: Strikes out swinging
Batting: RHB Barsati Saraf 0-0: Ball
1-0: Called Strike
1-1: Ground out 4-3 (Groundball, 34, EV 99.4 MPH)
Mike Gillespie to third
Batting: LHB Badry Maksimenov 0-0: Foul Ball, location: 2F
0-1: Foul Ball, location: 2F
0-2: Ball
1-2: Strikes out looking
Top of the 8th over - 0 runs, 1 hit, 0 errors, 1 left on base; Buckhead 2 - Seattle 6
BOTTOM OF THE 8TH
Seattle Rocketeers batting - Pitching for Buckhead Bowties : RHP Roy Bell
Now at 1B: General Booty
Batting: RHB Jurgen Flurgenburgen 0-0: Ball
1-0: Called Strike
1-1: Ball
2-1: Called Strike
2-2: Ball
3-2: Base on Balls
Batting: RHB Andrés López 0-0: SINGLE (Groundball, 6MD, EV 105.6 MPH)
Jurgen Flurgenburgen to second
Runner from 2nd tries for 3rd, SAFE, throw by CF made to third
Pinch Hitting: RHB Juan Mata 0-0: Ball
1-0: Swinging Strike
1-1: Foul Ball, location: 2F
1-2: Ball
2-2: Strikes out looking
Pinch Hitting: RHB Arturo Annunziato 0-0: Called Strike
0-1: Foul Ball, location: 2F
0-2: Fly out, F9 (Flyball, 9LSF, EV 88.1 MPH)
Runner from 3rd tags up, SCORES, no throw by RF
Batting: RHB Tomás Gonzáles 0-0: Ball
1-0: Foul Ball, location: 2F
1-1: SINGLE (Line Drive, 7S, EV 99.4 MPH)
Andrés López to second
Batting: LHB Sandor Addicks 0-0: Ball
1-0: Called Strike
1-1: SINGLE (Groundball, 34D, EV 100.6 MPH)
Andrés López to third
Tomás Gonzáles to second
Runner from 3rd tries for Home, SAFE, no throw by RF
Batting: RHB José Ortega 0-0: Foul Ball, location: 2F
0-1: Ball
1-1: Ground out 5-3 (Groundball, 56S, EV 88.8 MPH)
Bottom of the 8th over - 2 runs, 3 hits, 0 errors, 2 left on base; Buckhead 2 - Seattle 8
TOP OF THE 9TH
Buckhead Bowties batting - Pitching for Seattle Rocketeers : RHP Eduardo Flores
Now at SS: Juan Mata
Now in CF: Arturo Annunziato
Batting: SHB Henrique de Senna Fernandes 0-0: Ball
1-0: Called Strike
1-1: Ball
2-1: Ball
3-1: Base on Balls
Pinch Hitting: RHB Nick Bechtel 0-0: Ball
1-0: Called Strike
1-1: Fly out, F5 (Popup, 5, EV 68.8 MPH)
Batting: RHB Pellervo Rintanen 0-0: Ball
1-0: Ball
2-0: Grounds into double play, 6-4-3 (Groundball, 6, EV 93.8 MPH)
Top of the 9th over - 0 runs, 0 hits, 0 errors, 0 left on base; Buckhead 2 - Seattle 8
Friday, April 17th, 2020 - OOTP Baseball 20.8 Build 74